 Dungeon Crawl Stone Soup version 0.28.0-45-g0d030f2227 (webtiles) character file.

Game seed: 3724840559653771124

1315 Descartes the Ruffian (level 8, -6/70 HPs)
             Began as a Troll Warper on Apr 7, 2022.
             Shot with an arrow by a centaur (7 damage)
             ... on level 5 of the Dungeon.
             The game lasted 00:04:53 (3009 turns).

Descartes the Ruffian (Troll Warper)                Turns: 3009, Time: 00:04:54

Health: -6/70      AC:  4    Str: 20    XL:     8   Next: 33%
Magic:  17/17      EV:  9    Int: 11    God:
Gold:   230        SH:  0    Dex:  9    Spells: 2/9 levels left

rFire   + . .      SeeInvis .     - Unarmed
rCold   + . .      Faith    .   (no shield)
rNeg    . . .      Spirit   .   a - +0 robe
rPois   +          Reflect  .   (helmet restricted)
rElec   .          Harm     .   q - scarf {rC+ rF+}
rCorr   .          Rampage  .   (gloves unavailable)
Will    .....                   (boots unavailable)
Stlth   +.........              s - amulet of magic regeneration
HPRegen 1.01/turn               h - ring of poison resistance
MPRegen 0.55/turn               C - ring of magical power

@: lethally poisoned (-6 -> -17)
A: large, unfitting armour, claws 3, regeneration 1, shaggy fur 1, tough skin 1
a: no special abilities


You were on level 5 of the Dungeon.
You visited 1 branch of the dungeon, and saw 5 of its levels.

You collected 230 gold pieces.

Inventory:

Hand Weapons
 z - a +0 vorpal hunting sling
Missiles
 c - 5 boomerangs of dispersal (quivered)
 e - 108 stones
 f - 2 javelins
 t - 13 poisoned darts
Armour
 a - a +0 robe (worn)
 q - a scarf of resistance (worn)
Jewellery
 h - a ring of poison resistance (left claw)
 s - an amulet of magic regeneration (around neck)
 C - a ring of magical power (right claw)
Wands
 u - a wand of digging (4)
 y - a wand of acid (7)
Scrolls
 b - 4 scrolls of blinking
 d - 3 scrolls of fear {unknown}
 g - 2 scrolls of amnesia {unknown}
 i - a scroll of brand weapon {unknown}
 j - a scroll of teleportation {unknown}
 l - a scroll of noise {unknown}
 m - 6 scrolls of identify {unknown}
 n - a scroll of magic mapping {unknown}
 A - a scroll of vulnerability {unknown}
Potions
 k - 2 potions of curing {unknown}
 o - a potion of magic {unknown}
 p - a potion of haste {unknown}
 r - a potion of degeneration {unknown}
 v - a potion of cancellation {unknown}
 w - 2 potions of mutation {unknown}
 x - a potion of might {unknown}
 B - 2 potions of heal wounds {unknown}


   Skills:
 - Level 1.5 Fighting
 - Level 0.8 Throwing
 - Level 1.9 Dodging
 + Level 7.4 Unarmed Combat
 - Level 1.2 Spellcasting
 + Level 5.9 Translocations


You had 2 spell levels left.
You knew the following spells:

 Your Spells              Type           Power      Damage    Failure   Level
a - Manifold Assault      Tloc           13%        N/A       58%         5
b - Blink                 Tloc           26%        N/A       4%          2

Your spell library contained the following spells:

 Spells                   Type           Power      Damage    Failure   Level
 Gell's Gravitas          Tloc           13%        N/A       9%          3
 Lesser Beckoning         Tloc           13%        N/A       9%          3
 Teleport Other           Tloc           13%        N/A       9%          3


Dungeon Overview and Level Annotations

Branches:
Dungeon (5/15)
 Temple: D:4-7

Altars:

Shops:
D:5 ?


Innate Abilities, Weirdness & Mutations

You are too large for most types of armour.
You have claws for hands.
Your natural rate of healing is unusually fast.
You are covered in fur. (AC +1)
You have tough skin. (AC +1)


Message History

The centaur shoots an arrow.
The arrow hits you!
You hear an angry hiss.
You are too injured to fight recklessly!
You are too injured to fight recklessly!
You are too injured to fight recklessly!
You are too injured to fight recklessly!
You are too injured to fight recklessly!
You are too injured to fight recklessly!
You are too injured to fight recklessly!
You are too injured to fight recklessly!
You are too injured to fight recklessly!
You are too injured to fight recklessly!
You are too injured to fight recklessly!
You are too injured to fight recklessly!
You are too injured to fight recklessly!
You are too injured to fight recklessly!
You are too injured to fight recklessly!
You are too injured to fight recklessly!
You are too injured to fight recklessly!
You are too injured to fight recklessly!
You are too injured to fight recklessly!
You are too injured to fight recklessly!
You are too injured to fight recklessly!
You feel very sick. The killer bee closely misses you.
Things that are here:
a +0 short sword; 8 gold pieces; an adder corpse You closely miss the killer bee.
You feel very sick. The killer bee stings you.
* * * LOW HITPOINT WARNING * * *
The centaur shoots an arrow.
The arrow hits you.
* * * LOW HITPOINT WARNING * * *
The killer bee stings you!
* * * LOW HITPOINT WARNING * * *
You are more poisoned.
The killer bee poisons you!
An iguana comes into view.
The centaur shoots an arrow.
The arrow hits you!
You die...

###..........#
.........#..####
........####...#######
#......## #..........#
#.#....## ##########.#
........####......##.#
...#...###...####...###
...##.##..≈###..###≈..###
...###^...##...)@.##....##
...##.≈^.#...####yc##.)≈.##
...#...≈##..## ##Z.##≈...#
...#≈...#^.## #.$#...≈#
...#.≈≈.#8.# l8#.≈≈.#
#...≈.^.# $#≈...# #...≈#..#
.#≈.(.# #.≈≈.#8.# #.≈≈.#
#≈...#..# #...≈#


You could see a centaur, an iguana, a killer bee and a centaur zombie.

Vanquished Creatures
  Sigmund (D:3)
  An ice beast (D:5)
  2 necrophages
  3 ogres
  A phantom (D:5)
  2 scorpions (D:4)
  2 water moccasin zombies (D:5)
  A howler monkey (D:4)
  3 hounds
  A bullfrog skeleton (D:5)
  Ijyb (D:3)
  An iguana (D:4)
  A hound zombie (D:5)
  A hound skeleton (D:5)
  3 adders (D:5)
  A white imp (D:5)
  An ufetubus (D:4)
  2 dart slugs
  9 orcs
  3 bats
  7 endoplasms
  3 giant cockroaches (D:1)
  4 goblins
  8 hobgoblins
  A jackal (D:5)
  8 kobolds
  2 quokkas
  8 ball pythons
  2 frilled lizards
  3 rats (D:1)
86 creatures vanquished.

Notes
Turn   | Place    | Note
-------+----------+-------------------------------------------
     0 | D:1      | Descartes the Troll Warper began the quest for the Orb.
     0 | D:1      | Reached XP level 1. HP: 19/19 MP: 1/1
    58 | D:1      | Reached XP level 2. HP: 27/27 MP: 2/2
    72 | D:1      | Learned a level 2 spell: Blink
   156 | D:1      | Found a faded altar of an unknown god.
   659 | D:2      | Reached XP level 3. HP: 33/33 MP: 3/3
  1002 | D:3      | Reached skill level 3 in Unarmed Combat
  1035 | D:3      | Noticed an ogre
  1043 | D:3      | Killed an ogre
  1044 | D:3      | Reached XP level 4. HP: 31/41 MP: 4/4
  1302 | D:3      | Noticed Sigmund
  1321 | D:3      | Killed Sigmund
  1322 | D:3      | Reached skill level 4 in Unarmed Combat
  1322 | D:3      | Reached XP level 5. HP: 12/48 MP: 5/5
  1322 | D:3      | Reached XP level 6. HP: 13/55 MP: 6/6
  1467 | D:3      | Noticed Ijyb
  1479 | D:3      | Killed Ijyb
  1773 | D:4      | Reached skill level 5 in Unarmed Combat
  2494 | D:5      | Entered Level 5 of the Dungeon
  2519 | D:4      | Reached XP level 7. HP: 42/62 MP: 7/7
  2584 | D:4      | Reached skill level 6 in Unarmed Combat
  2622 | D:5      | Reached skill level 5 in Translocations
  2802 | D:5      | Found Veabegog's Magic Scroll Shop.
  2881 | D:5      | Learned a level 5 spell: Manifold Assault
  2934 | D:5      | Reached XP level 8. HP: 51/70 MP: 8/8
  2936 | D:5      | Reached skill level 7 in Unarmed Combat
  3009 | D:5      | HP: 1/70 [killer bee (8)]
  3009 | D:5      | Shot with an arrow by a centaur

Illustrated notes

Levels and vault maps discovered:
D:1:      lightli_arrival_isolated_outpost, layout_rooms,
          dilly_ecumenical_altar_fadedgnrine, chequers_avenue, minmay_liquid_box
D:2:      layout_basic
D:3:      layout_rooms, eino_tiny_chamber, grunt_ministairs_13, hex_large,
          serial_park_tiny_2, uniq_sigmund, uniq_ijyb
D:4:      layout_loops_corners, chequers_serial_rivers_micro_e
D:5:      layout_cave_pools, mainiacjoe_overflow_swirl, serial_shops,
          shop_statue, nzn_random_ring

Skill      XL: |  1  2  3  4  5  6  7  8 |
---------------+-------------------------+-----
Unarmed Combat | 3 4 5 6 7 |  7.4
Translocations | 3 4 5 |  5.9
Fighting       | |  1.5
Throwing       | |  0.8
Dodging        | |  1.9
Spellcasting   | |  1.2

Action                   |  1- 3 |  4- 6 |  7- 9 || total
-------------------------+-------+-------+-------++-------
Melee: Unarmed           |    68 |   114 |    96 ||   278
       Punch             |     1 |     1 |     2 ||     4
Armor: Robe              |    27 |    27 |    32 ||    86
Dodge: Dodged            |    27 |    44 |    53 ||   124
